 Dungeon Crawl Stone Soup version 0.31-a0-188-g5e087ee2ca (webtiles) character file.

Game seed: 8582426727196954116

2394 qw the Skirmisher (level 9, -5/50 HPs)
             Began as a Deep Elf Hunter on June 22, 2023.
             Was a Follower of Okawaru.
             Shot with an arrow by a centaur (12 damage)
             ... on level 6 of the Dungeon.
             The game lasted 00:01:40 (3854 turns).

qw the Skirmisher (Deep Elf Hunter)                 Turns: 3854, Time: 00:01:41

Health: -5/50      AC:  7    Str: 12    XL:     9   Next: 22%
Magic:  11/14      EV: 16    Int: 15    God:    Okawaru [*.....]
Gold:   339        SH:  0    Dex: 18    Spells: 8/8 levels left

rFire   + . .        s - +6 arbalest "Damnation" {damnation}
rCold   . . .        (shield currently unavailable)
rNeg    + . .        j - +0 ring mail
rPois   .            (no helmet)
rElec   +            p - +0 cloak
rCorr   .            (no gloves)
SInv    .            (no boots)
Will    .....        (no amulet)
Stlth   +++          m - ring "Zypeoq" {rElec rF+ rN+}
HPRegen 0.28/turn    (no ring)
MPRegen 0.14/turn

%: no passive effects
@: heroic
A: no striking features
a: Renounce Religion, Heroism


You were on level 6 of the Dungeon.
You worshipped Okawaru.
Okawaru was aware of your devotion.
You visited 2 branches of the dungeon, and saw 7 of its levels.
You also visited: Ossuary.

You collected 339 gold pieces.


   Skills:
 - Level 3.0(8.0) Fighting
 + Level 14.4(19.4) Ranged Weapons
 - Level 1.2(6.2) Armour
 - Level 5.0(10.0) Dodging
 - Level 1.2(6.2) Stealth
 - Level 4.0 Invocations


You had 8 spell levels left.
You didn't know any spells.
Your spell library was empty.

Inventory:

Hand Weapons
 s - the +6 arbalest "Damnation" (weapon) {damnation}
   (You acquired it in an ossuary)
Armour
 g - the +0 robe "Tykkam" {rF+}
   (You found it on level 5 of the Dungeon)

   rF:        It protects you from fire.
 j - a +0 ring mail (worn)
 p - a +0 cloak (worn)
Jewellery
 m - the ring "Zypeoq" (left hand) {rElec rF+ rN+}
   (You acquired it in an ossuary)

   [ring of positive energy]

   rF:        It protects you from fire.
   rElec:     It insulates you from electricity.
   rN:        It protects you from negative energy.
Scrolls
 a - a scroll of identify
 r - a scroll of brand weapon
Potions
 b - 5 potions of curing
 c - a potion of haste
 d - 2 potions of enlightenment
 e - a potion of cancellation
 f - 3 potions of might
 h - a potion of heal wounds {unknown}
 i - a potion of mutation {unknown}
 k - a potion of invisibility {unknown}
 l - a potion of berserk rage {unknown}
 n - a potion of resistance {unknown}
 o - a potion of degeneration {unknown}

Dungeon Overview and Level Annotations

Branches:
Dungeon (6/15)             Temple (1/1) D:5         Ossuary (visited)

Altars:
Ashenzari
Dithmenos
Elyvilon
Fedhas
Gozag
Hepliaklqana
Kikubaaqudgha
Makhleb
Okawaru
Sif Muna
Trog
Uskayaw
Vehumet
Wu Jian
Xom
Zin
The Shining One

Shops:
D:3 [

Annotations:
D:3 1 runed translucent door, Crazy Yiuf


Message History

A jelly comes into view.
The centaur wields a +0 orcbow.
The centaur shoots an arrow.
The arrow hits you!
Enter note:
Enter note:
Enter note:
Enter note:
3851 ||| INVOKING Heroism.
You gain the combat prowess of a mighty hero.
The centaur shoots an arrow.
The arrow misses you.
A jelly comes into view.
The centaur shoots an arrow.
The arrow barely misses you.
The centaur shoots an arrow.
The arrow barely misses you.
You shoot a damnation bolt. The jelly quivers.
The damnation bolt hits the bullfrog!!
You kill the bullfrog!
Okawaru accepts your kill.
The damnation bolt explodes!
You hear a shout!
The centaur shoots an arrow.
The arrow closely misses you.
The centaur shoots an arrow.
The arrow misses you.
The centaur shoots an arrow.
The arrow closely misses you.
You shoot a damnation bolt. The damnation bolt hits the jelly!
The jelly is severely wounded.
The damnation bolt explodes!
The damnation engulfs the jelly!
You kill the jelly!
Okawaru accepts your kill.
The damnation engulfs the jelly!
The jelly is almost dead.
The centaur shoots an arrow.
The arrow hits you!
The centaur shoots an arrow.
The arrow hits you!
Your base Dodging skill increases to level 5!
Your Invocations skill increases to level 4!
You shoot a damnation bolt.
The damnation bolt hits the howler monkey!!
You kill the howler monkey!
Okawaru accepts your kill.
The damnation bolt explodes!
The centaur shoots an arrow.
The arrow hits you!
You die...

....~~~~c..c~~
...~~~~~~~~~~
..~~~~~~~~~~~ (
$~~~~~~~~~~~ ...
~~~~~~~~~~~ ....
~~~~~~~~~~
.....##...#....#
.?J...%@....#
..#...#..#..# #?# ##.#..#
# ##...#.# ..) ##...
#......##
...#####...####.......##
.......#).##.#.........#
......#
................##.......
.......
(...............#........
....>..


You could see 2 centaurs and a jelly.

Vanquished Creatures
  Pikel (D:6)
  Maggie (D:6)
  A steam dragon (D:6)
  Menkaure (D:4)
  Edmund (D:4)
  Pargi (D:4)
  An ice beast (D:6)
  A black bear (D:6)
  An ogre (D:6)
  A lemure (D:6)
  A phantom (D:5)
  A kobold brigand (D:6)
  Blork the orc (D:4)
  A bullfrog (D:6)
  5 water moccasin zombies (Ossuary)
  A scorpion (D:4)
  A howler monkey (D:6)
  2 jellies
  Ijyb (D:5)
  Terence (D:2)
  2 iguanas
  2 sleepcaps
  2 mummies (Ossuary)
  3 adders
  4 adder zombies (Ossuary)
  3 worms
  2 dart slugs
  10 orcs
  6 ball pythons
  4 bats
  2 endoplasms
  A giant cockroach (D:1)
  5 gnoll zombies (Ossuary)
  8 hobgoblins
  2 jackals (D:4)
  6 quokkas
  4 frilled lizards
  9 goblins
  4 hobgoblin zombies (Ossuary)
  10 kobolds
  5 kobold zombies (Ossuary)
  4 orc zombies (Ossuary)
  4 rats
  A butterfly (D:5)
128 creatures vanquished.

Notes
Turn   | Place    | Note
-------+----------+-------------------------------------------
     0 | D:1      | qw the Deep Elf Hunter began the quest for the Orb.
     0 | D:1      | Reached XP level 1. HP: 12/12 MP: 3/3
     0 | D:1      | 0 ||| qw: Version: 0.3-a-9-g12657ce
     0 | D:1      | 0 ||| qw: Game counter: 2955
     0 | D:1      | 0 ||| qw: Always use a shield: true
     0 | D:1      | 0 ||| qw: God list: Okawaru
     0 | D:1      | 0 ||| qw: Allow faded altars: false
     0 | D:1      | 0 ||| qw: Do Orc after D:15 true
     0 | D:1      | 0 ||| qw: Do second Lair branch before Depths: true
     0 | D:1      | 0 ||| qw: Lair rune preference: random
     0 | D:1      | 0 ||| qw: Plans: Normal
     0 | D:1      | 0 ||| PLANNING D:1-11
   152 | D:1      | Reached XP level 2. HP: 16/16 MP: 4/4
   188 | D:1      | Reached skill level 6 in Ranged Weapons
   613 | D:1      | 613 ||| UPGRADING to +0 ring mail.
   623 | D:1      | 623 ||| DROPPING +0 leather armour.
   624 | D:1      | 624 ||| READING scroll labelled CISCHE TADUGUK.
   625 | D:1      | 625 ||| READING scroll labelled PAKOP QOMITO.
   626 | D:1      | 626 ||| READING scroll labelled FEARRO UZUT.
   627 | D:1      | 627 ||| READING 3 scrolls labelled KAGAFF YBUHOE.
   628 | D:1      | 628 ||| READING scroll labelled YXASHR HIPNUDOR.
   629 | D:1      | 629 ||| DROPPING scroll of butterflies.
   630 | D:1      | 630 ||| DROPPING 2 scrolls of fear.
   709 | D:2      | Found a faded altar of an unknown god.
   767 | D:2      | Reached XP level 3. HP: 20/20 MP: 5/5
   992 | D:2      | 992 ||| FLEEEEING.
   993 | D:2      | 993 ||| FLEEEEING.
  1024 | D:2      | Noticed Terence
  1029 | D:2      | Killed Terence
  1030 | D:2      | Reached skill level 7 in Ranged Weapons
  1237 | D:2      | 1237 ||| READING 2 scrolls labelled QAMUABUTWU.
  1238 | D:2      | 1238 ||| DRINKING 2 pink potions.
  1276 | D:3      | Reached XP level 4. HP: 25/25 MP: 6/6
  1294 | D:3      | Found Geeh's Armour Boutique.
  1306 | D:3      | 1306 ||| SHOPLISTING +2 pair of slick slippers {slick,
                  | slippery, EV+4} (459 gold, have 144).
  1306 | D:3      | 1306 ||| SHOPLISTING +2 robe of resistance (452 gold, have
                  | 144).
  1306 | D:3      | 1306 ||| SHOPLISTING +3 leather armour of poison resistance
                  | (252 gold, have 144).
  1306 | D:3      | 1306 ||| SHOPLISTING +3 scale mail of fire resistance (312
                  | gold, have 144).
  1415 | D:3      | Found an ancient bone altar of Kikubaaqudgha.
  1417 | D:3      | Found an opulent altar of Gozag.
  1620 | D:3      | Found a runed translucent door.
  1621 | D:3      | Noticed Crazy Yiuf
  1702 | D:3      | 1702 ||| READING scroll labelled TON ASMIRA.
  1702 | D:3      | Identified a scroll of acquirement
  1702 | D:3      | 1702 ||| ACQUIRING +6 heavy shortbow
  1702 | D:3      | Acquired a +6 heavy shortbow
  1704 | D:3      | 1704 ||| SWAPPING to +6 heavy shortbow.
  1705 | D:3      | 1705 ||| DROPPING +0 shortbow of flaming.
  1706 | D:3      | 1706 ||| READING 3 scrolls labelled UDIUGI LIKYAPH.
  1707 | D:3      | 1707 ||| READING 2 scrolls of enchant weapon.
  1707 | D:3      | 1707 ||| ENCHANTING +6 heavy shortbow.
  1708 | D:3      | 1708 ||| READING scroll of enchant weapon.
  1708 | D:3      | 1708 ||| ENCHANTING +7 heavy shortbow.
  1709 | D:3      | 1709 ||| DRINKING 2 inky potions.
  1710 | D:3      | 1710 ||| READING 2 scrolls of identify.
  1710 | D:3      | 1710 ||| IDENTIFYING sedimented clear potion
  1795 | D:4      | Noticed Blork the orc
  1800 | D:4      | HP: 2/25 [Blork the orc/puff of flame (8)]
  1801 | D:4      | Reached skill level 8 in Ranged Weapons
  1801 | D:4      | Killed Blork the orc
  1802 | D:4      | Reached XP level 5. HP: 3/29 MP: 7/7
  1926 | D:4      | Noticed Pargi
  1932 | D:4      | Killed Pargi
  1933 | D:4      | Reached skill level 9 in Ranged Weapons
  1933 | D:4      | Reached XP level 6. HP: 25/34 MP: 8/8
  2027 | D:4      | Noticed Menkaure
  2028 | D:4      | Noticed Edmund
  2031 | D:4      | Killed Menkaure
  2032 | D:4      | 2032 ||| FLEEEEING.
  2034 | D:4      | 2034 ||| FLEEEEING.
  2035 | D:4      | 2035 ||| FLEEEEING.
  2036 | D:4      | 2036 ||| FLEEEEING.
  2037 | D:4      | 2037 ||| FLEEEEING.
  2038 | D:4      | 2038 ||| FLEEEEING.
  2039 | D:4      | 2039 ||| FLEEEEING.
  2040 | D:4      | 2040 ||| FLEEEEING.
  2041 | D:4      | 2041 ||| FLEEEEING.
  2042 | D:4      | 2042 ||| FLEEEEING.
  2043 | D:4      | 2043 ||| FLEEEEING.
  2044 | D:4      | 2044 ||| FLEEEEING.
  2045 | D:4      | 2045 ||| FLEEEEING.
  2046 | D:4      | 2046 ||| FLEEEEING.
  2047 | D:4      | 2047 ||| FLEEEEING.
  2048 | D:4      | 2048 ||| FLEEEEING.
  2056 | D:4      | Killed Edmund
  2057 | D:4      | Reached skill level 10 in Ranged Weapons
  2057 | D:4      | Reached XP level 7. HP: 14/40 MP: 9/9
  2328 | D:4      | Reached skill level 3 in Dodging
  2621 | D:4      | 2621 ||| UPGRADING to +0 cloak.
  2626 | D:4      | 2626 ||| READING scroll labelled BAG BOELOECWY.
  2627 | D:4      | 2627 ||| READING scroll labelled SOYDDO JENUA.
  2628 | D:4      | 2628 ||| DRINKING 2 bubbling cyan potions.
  2677 | D:4      | 2677 ||| DROPPING potion of lignification.
  2711 | D:5      | Entered Level 5 of the Dungeon
  2712 | D:5      | 2712 ||| PLANNING OSSUARY
  2759 | D:5      | Reached skill level 1 in Armour
  2848 | D:5      | Noticed Ijyb
  2851 | D:5      | HP: 9/40 [Ijyb/bolt of light (11)]
  2852 | D:5      | Killed Ijyb
  2868 | D:5      | 2868 ||| FLEEEEING.
  2874 | D:5      | 2874 ||| FLEEEEING.
  2879 | D:5      | 2879 ||| STAIRDANCE
  3022 | D:5      | Found a sand-covered staircase.
  3028 | Ossuary  | Entered an ossuary
  3055 | Ossuary  | Reached skill level 11 in Ranged Weapons
  3200 | Ossuary  | Reached skill level 12 in Ranged Weapons
  3200 | Ossuary  | Reached XP level 8. HP: 45/45 MP: 10/10
  3210 | Ossuary  | Reached skill level 3 in Fighting
  3222 | Ossuary  | 3222 ||| READING scroll of acquirement.
  3222 | Ossuary  | 3222 ||| ACQUIRING ring "Zypeoq" {rElec rF+ rN+}
  3222 | Ossuary  | Acquired the ring "Zypeoq" {rElec rF+ rN+}
  3224 | Ossuary  | 3224 ||| UPGRADING to ring "Zypeoq" {rElec rF+ rN+}.
  3235 | Ossuary  | 3235 ||| READING scroll of acquirement.
  3235 | Ossuary  | 3235 ||| ACQUIRING +6 arbalest "Damnation" {damnation}
  3235 | Ossuary  | Acquired the +6 arbalest "Damnation" {damnation}
  3235 | Ossuary  | Found the +6 arbalest "Damnation" {damnation}
  3237 | Ossuary  | 3237 ||| SWAPPING to +6 arbalest "Damnation" {damnation}.
  3238 | Ossuary  | 3238 ||| DROPPING +8 heavy shortbow.
  3244 | Ossuary  | 3244 ||| READING scroll labelled ECRENE PAGUMIPP.
  3245 | Ossuary  | 3245 ||| DRINKING 2 dark potions.
  3246 | Ossuary  | 3246 ||| DRINKING 4 amethyst potions.
  3247 | Ossuary  | 3247 ||| DRINKING 2 fizzy dark potions.
  3248 | Ossuary  | 3248 ||| DROPPING potion of brilliance.
  3254 | D:5      | 3254 ||| PLANNING D:1-11
  3280 | D:5      | Identified the +0 robe "Tykkam" {rF+}
  3285 | D:5      | Found a glowing golden altar of the Shining One.
  3381 | D:5      | Found a staircase to the Ecumenical Temple.
  3382 | D:5      | 3382 ||| PLANNING TEMPLE
  3392 | Temple   | Entered the Ecumenical Temple
  3514 | Temple   | 3514 ||| PLANNING OKAWARU WORSHIP
  3547 | Temple   | Became a worshipper of Warmaster Okawaru
  3548 | Temple   | 3548 ||| PLANNING D:1-11
  3698 | D:6      | Noticed Maggie
  3700 | D:6      | Killed Maggie
  3701 | D:6      | Reached skill level 13 in Ranged Weapons
  3710 | D:6      | Reached * piety under Okawaru
  3711 | D:6      | 3711 ||| Stepping ~*~*~tactically~*~*~ (outnumbered).
  3715 | D:6      | 3715 ||| INVOKING Heroism.
  3716 | D:6      | 3716 ||| Stepping ~*~*~tactically~*~*~ (outnumbered).
  3734 | D:6      | Noticed Pikel
  3735 | D:6      | 3735 ||| INVOKING Heroism.
  3736 | D:6      | 3736 ||| INVOKING Heroism.
  3737 | D:6      | 3737 ||| INVOKING Heroism.
  3738 | D:6      | 3738 ||| INVOKING Heroism.
  3741 | D:6      | Killed Pikel
  3742 | D:6      | Reached skill level 14 in Ranged Weapons
  3742 | D:6      | Reached skill level 3 in Invocations
  3742 | D:6      | Reached XP level 9. HP: 50/50 MP: 8/13
  3753 | D:6      | 3753 ||| INVOKING Heroism.
  3851 | D:6      | 3851 ||| INVOKING Heroism.
  3853 | D:6      | HP: 7/50 [centaur/arrow (10)]
  3854 | D:6      | Shot with an arrow by a centaur

Levels and vault maps discovered:
D:1:      minmay_arrival_open_corners, layout_loops_ring
D:2:      layout_basic, dreamdust_ecumenical_altar_statues, uniq_terence
D:3:      layout_rooms, jmf_multi_god_temple, serial_shops, nicolae_shop_stone,
          uniq_crazy_yiuf_cottage
D:4:      layout_cave_pools, serial_rivers, chequers_serial_rivers_room_b,
          chequers_serial_rivers_large_b, chequers_serial_rivers_large_a,
          chequers_serial_rivers_marsh, uniq_menkaure, uniq_blork_the_orc,
          uniq_edmund, uniq_pargi
D:5:      layout_rooms, mainiacjoe_overflow_concentric_impassable,
          minmay_temple_entry_butterflies, lightli_ossuary_entry_decrepit_ruins,
          uniq_ijyb
D:6:      nicolae_whirlpool, layout_cave_pools,
          nicolae_qazlal_general_emergency, chequers_jeans, uniq_maggie,
          uniq_pikel
Temple:   eino_narrow_crystal_temple

Skill      XL: |  1  2  3  4  5  6  7  8  9 |
---------------+----------------------------+-----
Ranged Weapons | 6 7 8 9 10 12 14 | 14.4
Fighting       | 2 3 |  3.0
Dodging        | 3 4 5 |  5.0
Armour         | 1 |  1.2
Invocations    | 3 4 |  4.0
Stealth        | |  1.2

Action                     |  1- 3 |  4- 6 |  7- 9 || total
---------------------------+-------+-------+-------++-------
   Fire: Shortbow          |    98 |    59 |    88 ||   245
         Arbalest          |       |       |    33 ||    33
 Invoke: Heroism           |       |       |     4 ||     4
    Use: Scroll            |     6 |     5 |     5 ||    16
         Potion            |     1 |     1 |     4 ||     6
 Armour: Leather armour    |     5 |       |       ||     5
         Ring mail         |     6 |     3 |    21 ||    30
  Dodge: Dodged            |    18 |    17 |    41 ||    76

Table legend:
 A = Non-vault XP
 B = Vault XP
 C = Vault XP percentage of total XP
 D = Non-vault monster count
 E = Vault monster count
 F = Vault count percentage of total count
                 A         B        C        D         E       F
            +---------+---------+-------+---------+---------+-------
      Total |    1393 |    2081 |  59.9 |      87 |      39 |  31.0
            +---------+---------+-------+---------+---------+-------
        D:1 |      36 |       0 |   0.0 |      22 |       0 |   0.0
        D:2 |      23 |      36 |  61.0 |      11 |       1 |   8.3
        D:3 |      19 |       3 |  13.6 |       9 |       2 |  18.2
        D:4 |     148 |     552 |  78.9 |      14 |       4 |  22.2
        D:5 |     270 |      36 |  11.8 |      15 |       1 |   6.2
        D:6 |     897 |     990 |  52.5 |      16 |       2 |  11.1
    Ossuary |       0 |     464 | 100.0 |       0 |      29 | 100.0
            +---------+---------+-------+---------+---------+-------
